 Dungeon Crawl Stone Soup version 0.17.0-23-g0de4337 (webtiles) character file.

358 Banto the Basher (level 6, 0/51 HPs)
             Began as a Minotaur Fighter on Nov 14, 2015.
             Slain by Banto's ghost (13 damage)
             ... on level 3 of the Dungeon.
             The game lasted 00:03:30 (1986 turns).

Banto the Basher (Minotaur Fighter)                 Turns: 1986, Time: 00:03:30

Health: 0/51       AC: 12    Str: 21    XL:     6   Next: 37%
Magic:  5/5        EV:  9    Int:  5    God:
Gold:   163        SH:  0    Dex: 11    Spells: 0 memorised, 5 levels left

rFire  . . .     SeeInvis .     j - +1 mace (protect)
rCold  . . .     Clarity  .     b - +1 scale mail
rNeg   . . .     SustAt   .     (no shield)
rPois  .         Gourm    .     (helmet restricted)
rElec  .         Spirit   .     (no cloak)
rCorr  .         Warding  .     (no gloves)
rMut   .         Stasis   .     (no boots)
MR     .....                    (no amulet)
Stlth  ..........               (no ring)
                                (no ring)

@: not resistant to hostile enchantments, extremely unstealthy
A: retaliatory headbutt, horns 2
a: no special abilities


You were on level 3 of the Dungeon.
You were not hungry.

You visited 1 branch of the dungeon, and saw 3 of its levels.

You collected 163 gold pieces.

Inventory:

Hand Weapons
 j - a +1 mace of protection (weapon)
Armour
 b - a +1 scale mail (worn)
 c - a +0 shield
Scrolls
 a - 2 scrolls of remove curse
 p - a scroll of teleportation
Potions
 d - a potion of might
 f - a potion of lignification
 g - a potion of heal wounds
 m - a potion of haste {unknown}
Comestibles
 e - 3 bread rations
 i - a meat ration
 l - a beef jerky
 q - 2 chunks of flesh


   Skills:
 - Level 3.6 Fighting
 + Level 8.2 Maces & Flails
 - Level 3.6 Armour
 - Level 3.6 Shields


You had 5 spell levels left.
You didn't know any spells.

Dungeon Overview and Level Annotations

Branches:
Dungeon (3/15)

Altars:

Annotations:
D:3 Banto's ghost, amateur MiFi


Innate Abilities, Weirdness & Mutations

You reflexively headbutt those who attack you in melee.
You have a pair of horns on your head.


Message History

You miss the adder.
The adder is severely wounded.
The adder bites you but does no damage. x2
You closely miss the adder.
The adder is heavily wounded.
The adder bites you but does no damage.
You hit the adder.
You kill the adder!
You hit Banto's ghost. You headbutt Banto's ghost!
Banto's ghost is severely damaged.
Banto's ghost barely misses you.
You sock Banto's ghost!
You headbutt Banto's ghost, but do no damage.
Banto's ghost is almost destroyed.
Banto's ghost hits you!
* * * LOW HITPOINT WARNING * * *
You hit Banto's ghost but do no damage.
Banto's ghost is almost destroyed.
Banto's ghost hits you!
You die...

..%...# # #
#....#.##.#.
#....#.%....
#...........
#..#.####.#
#.##.).#
#......#
#####W##
#@## #..#
##.## #.)#
###### ##.#
#. #.....
#.###.#
#.####
#..##.# #.#
##.##.# #.#
#.รท#.# #.#


You could see Banto's ghost.

Vanquished Creatures
  Sigmund (D:2)
  Ijyb (D:2)
  3 gnolls (D:2)
  Robin (D:1)
  4 adders
  An ooze (D:1)
  A worm (D:2)
  A giant gecko (D:1)
  2 orcs (D:3)
  6 bats
  14 goblins
  15 hobgoblins
  4 kobolds
  4 quokkas
  6 giant cockroaches
  3 giant newts
  8 jackals
  9 rats
84 creatures vanquished.

Notes
Turn   | Place    | Note
--------------------------------------------------------------
     0 | D:1      | Banto the Minotaur Fighter began the quest for the Orb.
     0 | D:1      | Reached XP level 1. HP: 19/19 MP: 0/0
   141 | D:1      | Reached XP level 2. HP: 20/26 MP: 1/1
   348 | D:1      | Reached skill level 4 in Maces & Flails
   459 | D:1      | Reached XP level 3. HP: 31/31 MP: 2/2
   602 | D:2      | Noticed Sigmund
   617 | D:2      | Noticed Robin
   687 | D:2      | Reached skill level 5 in Maces & Flails
   748 | D:1      | Killed Robin
   748 | D:1      | Reached XP level 4. HP: 20/39 MP: 3/3
  1187 | D:2      | Killed Sigmund
  1187 | D:2      | Reached skill level 7 in Maces & Flails
  1187 | D:2      | Reached XP level 5. HP: 28/45 MP: 4/4
  1472 | D:2      | Noticed Ijyb
  1484 | D:2      | Killed Ijyb
  1484 | D:2      | Reached XP level 6. HP: 40/51 MP: 5/5
  1837 | D:3      | Reached skill level 8 in Maces & Flails
  1967 | D:3      | Noticed Banto's ghost (amateur MiFi)
  1986 | D:3      | Slain by Banto's ghost

Action                   |  1- 3 |  4- 6 || total
-------------------------+-------+-------++-------
Melee: Flail             |    90 |       ||    90
       Unarmed           |    16 |       ||    16
       Mace              |       |   107 ||   107
  Use: Scroll            |     5 |     4 ||     9
  Eat: Chunk             |       |     4 ||     4
